 Dungeon Crawl Stone Soup version 0.28.0-53-g5a82cb258f (webtiles) character file.

Game seed: 8567670437693355834

68 Peloso the Covered (level 4, -10/40 HPs)
             Began as a Minotaur Fighter on July 1, 2022.
             Mangled by Sigmund
             ... wielding a +1 scythe of venom
              (11 damage)
             ... on level 3 of the Dungeon.
             The game lasted 00:03:09 (1913 turns).

Peloso the Covered (Minotaur Fighter)               Turns: 1913, Time: 00:03:10

Health: -10/40     AC:  7    Str: 21    XL:     4   Next: 1%
Magic:  3/3        EV:  9    Int:  5    God:
Gold:   66         SH:  0    Dex: 11    Spells: 3/3 levels left

rFire   . . .      SeeInvis .   a - +0 long sword
rCold   . . .      Faith    .   c - +0 buckler
rNeg    . . .      Spirit   .   b - +0 scale mail
rPois   .          Reflect  .   (helmet restricted)
rElec   .          Harm     .   (no cloak)
rCorr   .          Rampage  .   (no gloves)
Will    .....                   (no boots)
Stlth   ..........              (no amulet)
HPRegen 0.13/turn               (no ring)
MPRegen 0.08/turn               (no ring)

@: confused, lethally poisoned (-10 -> -14)
A: horns 2, retaliatory headbutt
a: no special abilities


You were on level 3 of the Dungeon.
You visited 1 branch of the dungeon, and saw 3 of its levels.

You collected 66 gold pieces.

Inventory:

Hand Weapons
 a - a +0 long sword (weapon)
Armour
 b - a +0 scale mail (worn)
 c - a +0 buckler (worn)
Scrolls
 f - a scroll of amnesia {unknown}
 g - a scroll of fog
 j - a scroll of summoning {unknown}
 k - a scroll of enchant armour {unknown}
Potions
 d - 2 potions of might
 e - a potion of heal wounds
 h - a potion of degeneration {unknown}
 i - a potion of ambrosia


   Skills:
 + Level 4.2 Fighting
 + Level 3.3 Long Blades
 + Level 4.3 Armour
 + Level 0.3 Dodging
 + Level 4.3 Shields


You had 3 spell levels left.
You didn't know any spells.
Your spell library contained the following spells:

 Spells                   Type           Power      Damage    Failure   Level
 Confusing Touch          Hex            0%         N/A       99%         3
 Yara's Violent Unravell  Hex/Tmut       0%         3d3       100%        5
 Enfeeble                 Hex            0%         N/A       100%        7


Dungeon Overview and Level Annotations

Branches:
Dungeon (3/15)

Altars:

Annotations:
D:3 Sigmund


Innate Abilities, Weirdness & Mutations

You have a pair of horns on your head.
You reflexively headbutt those who attack you in melee.


Message History

Reactivating autopickup.
The orc throws a boomerang.
The boomerang hits you.
Unknown command.
You closely miss Sigmund.
Sigmund is lightly wounded.
You feel sick.
Sigmund hits you with a +1 scythe of venom!
You are more poisoned.
The orc throws a boomerang.
The boomerang barely misses you.
You hit Sigmund but do no damage. You headbutt Sigmund.
Sigmund is moderately wounded.
You feel very sick. Sigmund hits you but does no damage.
The orc throws a boomerang.
The boomerang barely misses you.
You slash Sigmund! You headbutt Sigmund.
Sigmund is severely wounded.
You feel very sick. Sigmund gestures at you while chanting.
You are confused.
You're too confused to move!
You feel sick. The orc closely misses you. Sigmund hits you but does no damage.
You hit Sigmund. Your headbutt misses Sigmund.
Sigmund is severely wounded.
* * * LOW HITPOINT WARNING * * *
You feel very sick. The orc hits you with a +0 mace.
* * * LOW HITPOINT WARNING * * *
Sigmund barely misses you. The orc barely misses you.
You closely miss Sigmund.
Sigmund is severely wounded.
* * * LOW HITPOINT WARNING * * *
You feel sick. The orc barely misses you.
Sigmund points at you and mumbles some strange words.
You are more confused.
You're too confused to move!
* * * LOW HITPOINT WARNING * * *
You feel sick. The orc hits you with a +0 mace.
* * * LOW HITPOINT WARNING * * *
Sigmund hits you with a +1 scythe of venom!
You die...

#### #..# #.#
.....##..######.#
.<..............#
####.##..##.###.#
.......<.##.# #.#
####.##..##.###.###.###
......................
... .###o##.###.###.#..
.. #@##.###........ .
#@##.##.........
#g##.##..###.#..
...###g##.##..# ..
...............###....
.................... .
.######.##g##.......
####.##.###.......
..................


You could see Sigmund, an orc, a hobgoblin and a goblin.

Vanquished Creatures
  2 worms (D:2)
  A dart slug (D:1)
  2 endoplasms
  2 giant cockroaches
  13 goblins
  5 hobgoblins
  7 jackals
  3 kobolds
  4 ball pythons
  7 bats
  4 frilled lizards
  6 rats
56 creatures vanquished.

Vanquished Creatures (others)
  A demonic plant (D:3)
  A plant (D:2)
2 creatures vanquished.

Grand Total: 58 creatures vanquished

Notes
Turn   | Place    | Note
-------+----------+-------------------------------------------
     0 | D:1      | Peloso the Minotaur Fighter began the quest for the Orb.
     0 | D:1      | Reached XP level 1. HP: 19/19 MP: 0/0
   157 | D:1      | Reached XP level 2. HP: 27/27 MP: 1/1
   770 | D:1      | Reached XP level 3. HP: 32/33 MP: 2/2
  1877 | D:3      | Noticed Sigmund
  1901 | D:3      | Reached XP level 4. HP: 39/40 MP: 3/3
  1913 | D:3      | HP: 1/40 [orc/+0 mace (2)]
  1913 | D:3      | Mangled by Sigmund

Illustrated notes

Levels and vault maps discovered:
D:1:      dpeg_arrival_subterranean_lakeside_camping, layout_basic
D:2:      layout_basic, serial_bayou_pond_b, minmay_misc_feat_iff
D:3:      kennysheep_the_goblin_king, layout_basic,
          shapermc_ecumenical_altar_flowoftime, uniq_sigmund

Skill      XL: |  1  2  3 |
---------------+----------+-----
Shields        | 4 |  4.3
Armour         | 4 |  4.3
Fighting       | 4 |  4.2
Long Blades    | 3 |  3.3
Dodging        | |  0.3

Action                   |  1- 3 |  4- 6 || total
-------------------------+-------+-------++-------
Melee: Long sword        |   104 |     9 ||   113
       Headbutt          |    16 |     4 ||    20
  Use: Scroll            |     4 |       ||     4
       Potion            |       |     1 ||     1
Armor: Scale mail        |    55 |     2 ||    57
Dodge: Dodged            |    42 |    10 ||    52
Block: Buckler           |    29 |       ||    29
